 Dungeon Crawl Stone Soup version bcrawl-1.39.1 (webtiles) character file.

Game seed: 9910759184064122641

9729605 Artagas the Wrestler (level 23, 0/160 HPs)
             Began as a Barachi Martial Artist on July 7, 2023.
             Was the Champion of Wu Jian.
             Slain by an ettin
             ... wielding a +0 dire flail
              (33 damage)
             ... on level 4 of the Depths on July 9, 2023.
             The game lasted 02:03:32 (41936 turns).

Artagas the Wrestler (Barachi Martial Artist)      Turns: 41936, Time: 02:03:32

Health: 0/160      AC: 37    Str: 30    XL:     23   Next: 34%
Magic:  27/27      EV:  7    Int:  9    God:    Wu Jian [******]
Gold:   2691       SH: 26    Dex: 12    Spells: 23/24 levels left

rFire    + . .     GDR:     37%   - Fists (55.5)
rCold    . . .     SeeInvis .   b - +0 large shield
rNeg     . . .     Gourm    .   R - +4 plate armour {MR+}
rPois    +         Faith    .   J - +2 helmet
rElec    .         Spirit   .   x - +0 cloak
rCorr    .         Reflect  +   L - +0 pair of gloves
MR       +++..                  c - +1 pair of boots {Stlth++}
Stlth    ..........             n - +4 amulet of reflection
HPRegen  0.36/turn              y - ring "Jozehen" {rPois rF+ MR+ Str+3 Dex-4}
MPRegen  0.20/turn              G - ring "Owkieskys" {AC+6 Str+4}

@: lethally poisoned (0 -> -1), can't hop, very slightly contaminated, glowing,
studying 2 skills, drained, serpent's lash, heavenly storm, slow
A: +LOS, swims, [frail 2], slowness 1, strong legs 2
}: 2/15 runes: decaying, barnacled
a: Hop, Wall Jump, Serpent's Lash, Heavenly Storm, Renounce Religion


You were on level 4 of the Depths.
You worshipped Wu Jian.
Wu Jian was exalted by your worship.
You were not hungry.

You visited 8 branches of the dungeon, and saw 34 of its levels.
You also visited: Bailey and Ice Cave.

You collected 5245 gold pieces.
You spent 2554 gold pieces at shops.

Inventory:

Missiles
 O - 9 throwing nets {=f}
 X - 474 javelins of penetration (quivered) {=f}
Armour
 b - a +0 large shield (worn)
   (You found it on level 2 of the Dungeon)
 c - a +1 pair of boots of stealth (worn)
   (You found it on level 3 of the Elven Halls)
 f - +0 storm dragon scales
   (You found it on level 1 of the Depths)
 x - a +0 cloak (worn)
   (You found it on level 2 of the Dungeon)
 J - a +2 helmet (worn)
   (You found it on level 1 of the Dungeon)
 L - a +0 pair of gloves (worn)
   (You found it on level 2 of the Dungeon)
 R - a +4 plate armour of magic resistance (worn)
   (You took it off an orc warlord in a bailey)
Jewellery
 g - the ring "Cioruf" {rC+ rN+ MR+ MP+9}
   (You found it on level 5 of the Lair of Beasts)

   [ring of positive energy]

   It protects you from cold.
   It protects you from negative energy.
   It affects your resistance to hostile enchantments.
   It affects your magic capacity (+9).
 i - an uncursed ring of see invisible
   (You found it on level 6 of the Lair of Beasts)
 n - a +4 amulet of reflection (around neck)
   (You bought it in a shop on level 2 of the Vaults)
 p - an uncursed amulet of regeneration
   (You took it off a merfolk javelineer on level 3 of the Shoals)
 r - a +5 ring of protection
   (You found it on level 1 of the Vaults)
 y - the ring "Jozehen" (left hand) {rPois rF+ MR+ Str+3 Dex-4}
   (You found it on level 1 of the Lair of Beasts)

   [ring of strength]

   It affects your strength (+3).
   It affects your dexterity (-4).
   It protects you from fire.
   It protects you from poison.
   It affects your resistance to hostile enchantments.
 G - the ring "Owkieskys" (right hand) {AC+6 Str+4}
   (You acquired it on level 6 of the Dungeon)

   [ring of protection]

   It affects your AC (+6).
   It affects your strength (+4).
 I - an uncursed ring of insulation
   (You acquired it on level 3 of the Shoals)
Wands
 v - a wand of digging (10)
   (You took it off the Enchantress on level 1 of the Depths)
 K - a wand of clouds (9)
   (You found it on level 11 of the Dungeon)
 P - a wand of acid (17)
   (You took it off Harold on level 8 of the Dungeon)
 S - a wand of paralysis (30)
   (You found it on level 9 of the Dungeon)
 V - a wand of iceblast (13)
   (You found it on level 12 of the Dungeon)
Scrolls
 k - 4 scrolls of fog
 l - 9 scrolls of enchant armour
 u - 5 scrolls of fear
 z - 5 scrolls of blinking
 E - 2 scrolls of noise
 H - 13 scrolls of teleportation
 T - 6 scrolls of revelation
 W - 4 scrolls of immolation
 Y - a scroll of brand weapon
Potions
 d - 5 potions of might
 h - 8 potions of haste
 j - 2 potions of cancellation
 q - 23 potions of curing
 s - 5 potions of agility
 t - 3 potions of ambrosia
 w - 5 potions of heal wounds
 A - 3 potions of flight
 B - 8 potions of lignification
 C - 3 potions of invisibility
 D - 8 potions of berserk rage
 F - 3 potions of resistance
 N - 3 potions of mutation
 Q - 3 potions of magic
 U - 2 potions of brilliance
Miscellaneous
 a - a phial of floods
   (You found it on level 3 of the Elven Halls)
 m - a fan of gales (2/2)
   (You found it on level 2 of the Depths)
 o - 3 boxes of beasts
 M - a sack of spiders
   (You found it on level 3 of the Shoals)
Comestibles
 e - 43 rations {!d}
 Z - a chunk of flesh


   Skills:
 - Level 21.0(19.4) Fighting
   Level 6.0(4.9) Short Blades
 - Level 18.0(16.5) Armour
 - Level 10.0(8.8) Dodging
 - Level 1.0(0.0) Stealth
 - Level 18.0(16.5) Shields
 + Level 25.7(24.0) Unarmed Combat
 - Level 1.1(0.1) Spellcasting
 - Level 2.0(1.0) Hexes
 - Level 6.0(4.9) Evocations


You had 23 spell levels left.
You knew the following spells:

 Your Spells              Type           Power        Failure   Level  Hunger
a - Confusing Touch       Hex            #.......     100%        1    None

Your spell library contained the following spells:

 Spells                   Type           Power        Failure   Level  Hunger
 Flame Tongue             Conj/Fire      #....        100%        1    None
 Freeze                   Ice            #.....       100%        1    None
 Sandblast                Erth           #.....       100%        1    None
 Slow                     Hex            #.......     100%        1    None
 Static Discharge         Air            #.....       100%        1    None
 Corpse Rot               Necr           N/A          100%        2    ####...
 Ensorcelled Hibernation  Hex/Ice        #.....       100%        2    ####...
 Flaming Arrows           Chrm/Fire      #.......     100%        2    ####...
 Passwall                 Tmut/Erth      #.......     100%        2    ####...
 Searing Ray              Conj           #.......     100%        2    ####...
 Sublimation of Blood     Necr           #.........   100%        2    ####...
 Swiftness                Chrm/Air       #.......     100%        2    ####...
 Throw Frost              Conj/Ice       #.....       100%        2    ####...
 Confuse                  Hex            #.......     100%        3    #####..
 Conjure Flame            Conj/Fire      #.......     100%        3    #####..
 Dazzling Orbs            Conj/Hex       #......      100%        3    #####..
 False Image              Hex/Summ       #.......     100%        3    #####..
 Inner Flame              Hex/Fire       N/A          100%        3    #####..
 Ozocubu's Armour         Chrm/Ice       #.......     100%        3    #####..
 Recall                   Summ/Tloc      N/A          100%        3    #####..
 Regeneration             Chrm/Necr      #.........   100%        3    #####..
 Stone Arrow              Conj/Erth      #.....       100%        3    #####..
 Tukima's Dance           Hex            #.......     100%        3    #####..
 Agony                    Necr           #.......     100%        4    ######.
 Animate Dead             Necr           N/A          100%        4    ######.
 Cause Fear               Hex            #.........   100%        4    ######.
 Ice Form                 Ice/Tmut       #.......     100%        4    ######.
 Lightning Bolt           Conj/Air       #.......     100%        4    ######.
 Petrify                  Tmut/Erth      #.........   100%        4    ######.
 Sticky Flame             Conj/Fire      #.......     100%        4    ######.
 Summon Ice Beast         Ice/Summ       #.......     100%        4    ######.
 Throw Icicle             Conj/Ice       #.......     100%        4    ######.
 Tree Form                Hex/Tmut       N/A          100%        4    ######.
 Bolt of Draining         Conj/Necr      #.........   100%        5    #######
 Bolt of Magma            Conj/Fire/Erth #.........   100%        5    #######
 Dispel Undead            Necr           #.......     100%        5    #######
 Fireball                 Conj/Fire      #.........   100%        5    #######
 Freezing Cloud           Ice/Air        #.......     100%        5    #######
 Lee's Rapid Deconstruct  Erth           #.........   100%        5    #######
 Metabolic Englaciation   Hex/Ice        #.........   100%        5    #######
 Passage of Golubria      Tloc           N/A          100%        5    #######
 Steam Barrier            Chrm/Fire      #.........   100%        5    #######
 Summon Lightning Spire   Summ/Air       #.......     100%        5    #######
 Aura of Abjuration       Summ           #.........   100%        6    #######
 Bolt of Cold             Conj/Ice       #.........   100%        6    #######
 Bolt of Fire             Conj/Fire      #.........   100%        6    #######
 Borgnjor's Vile Clutch   Necr/Erth      #.........   100%        6    #######
 Conjure Ball Lightning   Conj/Air       #.........   100%        6    #######
 Darkness                 Hex            #.........   100%        6    #######
 Death Channel            Chrm/Necr      #.........   100%        6    #######
 Invisibility             Hex            #.......     100%        6    #######
 Iron Shot                Conj/Erth      #.........   100%        6    #######
 Ozocubu's Refrigeration  Ice            #.........   100%        6    #######
 Simulacrum               Ice/Necr       #.......     100%        6    #######
 Statue Form              Tmut/Erth      #........    100%        6    #######
 Summon Hydra             Summ           #.........   100%        6    #######
 Dragon Form              Tmut           #......      100%        7    #######
 Haunt                    Necr/Summ      #.........   100%        7    #######
 Icicle Burst             Conj/Ice       #.........   100%        7    #######
 Malign Gateway           Summ/Tloc      #.........   100%        7    #######
 Monstrous Menagerie      Summ           #.........   100%        7    #######
 Orb of Destruction       Conj           #.........   100%        7    #######
 Spellforged Servitor     Conj/Summ      #.........   100%        7    #######
 Summon Greater Demon     Summ           #.........   100%        7    #######
 Chain Lightning          Conj/Air       #.........   100%        8    #######
 Glaciate                 Conj/Ice/Air   #.........   100%        8    #######
 Ignition                 Fire           #.........   100%        8    #######
 Lehudib's Crystal Spear  Conj/Erth      #.........   100%        8    #######
 Necromutation            Tmut/Necr      #.......     100%        8    #######
 Summon Horrible Things   Summ           #.........   100%        8    #######
 Fire Storm               Conj/Fire      #.........   100%        9    #######
 Shatter                  Erth           #.........   100%        9    #######


Dungeon Overview and Level Annotations

Branches:
Dungeon (12/12)            Temple (0/1) D:5            Lair (6/6) D:9
  Swamp (3/3) Lair:4       Shoals (3/3) Lair:4        Slime (0/5) Orc
    Orc (1/1) D:8             Elf (3/3) Lair:6       Vaults (2/3) D:12
  Crypt (0/2) Vaults:1     Depths (4/5) D:12

Altars:
Ashenzari
Ru
Xom
Yredelemnul
Zin
The Shining One
Jiyva

Shops:
D:4 *(*?*   D:6 [   D:11 [   Orc !([%   Elf:1 :   Elf:2 =%%=(   Vaults:1 *
Vaults:2 =(   Depths:1 **

Portals:
Hell: Depths:1 Depths:2 Depths:3
Abyss: Depths:1 Depths:2 Depths:4
Pandemonium: Depths:1 Depths:2 Depths:3
Ziggurat: Depths:2
Trove: D:8 (give 7 potions of agility)

Annotations:
D:7 2 transporters, raymondlaser's ghost, novice HuFi
D:10 1 runed translucent door, tronn's ghost, novice MiAc
Lair:3 exclusion: oklob plant
Swamp:1 2 runed translucent doors, PeterMcNeter's ghost, journeyman CeHu
Swamp:3 2 runed translucent doors, tronn's ghost, journeyman GnAc
Vaults:1 3 runed translucent doors, fifreuwaquouxo3460's ghost, adept TrMo
Depths:2 3 runed translucent doors, Enish's ghost, adept FrFi


Innate Abilities, Weirdness & Mutations

You can see and be seen from farther away.
You can swim through water.
You cover ground slowly.
You can hop long distances.
[You are very frail. (-20% HP)]


Message History

You block the spectral caustic shrike's attack.
The Killer Klown gestures next to the shadow dragon.
Some rock shatters into small pieces.
As you read the scroll of teleportation, it crumbles to dust.
You feel strangely unstable.
You feel less exhausted.
You feel sick.
You hear a shout!
You block the spectral caustic shrike's attack.
You block the rockslime's attack.
You block the spectral caustic shrike's attack.
The spectral caustic shrike claws you but does no damage.
The rockslime hits you but does no damage.
The Killer Klown blinks!
You block the spectral caustic shrike's attack.
The yaktaur captain hits you.
You hear a grinding noise.
The shadow dragon bites you but does no damage.
The shadow dragon claws you but does no damage.
The shadow dragon barely misses you.
Aiming: Wall Jump
Press: ? - help, Dir - move target cursor You repeatedly attack the rockslime from above.
You punch the rockslime!
The rockslime is lightly damaged.
You punch the rockslime!
The rockslime is lightly damaged.
You pummel the rockslime!!
The rockslime is moderately damaged.
You hit the rockslime.
The rockslime is moderately damaged.
A quicksilver dragon comes into view.
You feel sick.
You hear a shout!
You block the rockslime's attack.
The rockslime hits you but does no damage.
A spriggan defender comes into view. It is wielding a +2 flail of pain.
The Killer Klown gestures.
You feel frail. x2
The rockslime hits you!
You stumble backwards!
You block the spriggan defender's attack.
The quicksilver dragon bites you! The quicksilver dragon claws you.
* * * LOW HITPOINT WARNING * * *
A stone giant comes into view.
You hear a grinding noise.
You block the rockslime's attack.
The quicksilver dragon breathes dispelling energy at you.
The bolt of dispelling energy hits you!!
You feel strangely stable.
* * * LOW HITPOINT WARNING * * *
The spriggan defender hits you but does no damage.
The Killer Klown blinks!
The rockslime hits you but does no damage.
You block the quicksilver dragon's attack.
The quicksilver dragon claws you!
* * * LOW HITPOINT WARNING * * *
A deep troll shaman comes into view.
You hear two shouts!
Your muscles tense, ready for explosive movement...
Found a staff of earth and a masterwork double sword.
Found a one-way gate to the infinite horrors of the Abyss.
Blink to where?
Press: ? - help, Dir - move target cursor
Okay, then.
You feel much better.
You hear a shout!
The rockslime hits you!!
* * * LOW HITPOINT WARNING * * *
You hold your ground!
You block the spriggan defender's attack.
You hear a shout!
Unknown command.
Okay, then.
You feel much better.
You feel sick.
You hear a horrible gurgling sound!
The rockslime hits you but does no damage.
You block the quicksilver dragon's attack.
The quicksilver dragon claws you but does no damage.
You block the spriggan defender's attack.
You block the rockslime's attack.
You hear a grinding noise.
Hop to where?
Press: ? - help, Dir - move target cursor Boing!
An ettin, a frost giant and a deep troll earth mage come into view.
The frost giant is wielding a +1 battleaxe of freezing.
You feel sick.
You hear a shout!
You block the rockslime's attack. The quicksilver dragon bites you.
* * * LOW HITPOINT WARNING * * *
The quicksilver dragon claws you but does no damage.
The spriggan defender barely misses you.
The deep troll earth mage moves out of view.
Blink to where?
Press: ? - help, Dir - move target cursor You are very lightly contaminated with residual magic.
As you read the scroll of blinking, it crumbles to dust.
You hear a deafening roar!
You hear a shout!
You hear a grinding noise.
The ettin hits you with a +0 dire flail!!
You die...

..#.)###D☼☼####
....#D§☼c☼○#
#...°cZ☼.○# ###
#....○##§D#.C.#
#..#.☼##☼§☼.#
##..#.§☼ZC☼###
#.>.#§§§DiZ#
..#...TCCJ§##
..#..T##@###
#.. #§§§# #.∩
#§#§# T #( $#
## ##


You could see a rockslime, a frost giant, a quicksilver dragon, a stone giant, a
spriggan defender, an ettin, a deep troll shaman and 2 spectral caustic shrikes.

Vanquished Creatures
  A golden dragon (Depths:2)
  the Enchantress (Depths:1)
  Gastronok (Lair:1)
  2 rockslimes (Depths:2)
  A bone dragon (Swamp:3)
  A deep elf blademaster (Elf:3)
  2 liches
  A quicksilver dragon (Depths:4)
  3 thorn hunters
  4 sphinxes
  2 tengu reavers (Depths:2)
  Roxanne (Elf:3)
  A ghoul (Swamp:1)
  An iron dragon (Depths:3)
  2 frost giants
  A war gargoyle (Vaults:2)
  4 fire giants
  A storm dragon (Shoals:3)
  8 deep elf sorcerers
  6 vault wardens
  An orc warlord (Bailey)
  3 deep elf elementalists
  8 stone giants
  3 ironheart preservers
  22 very ugly things
  7 spriggan defenders
  A deep elf demonologist (Elf:3)
  4 deep elf annihilators (Elf:3)
  3 vampire knights
  2 dire elephants (Vaults:1)
  2 spark wasps (Depths:2)
  4 merfolk javelineers
  8 deep elf death magi
  A blizzard demon (Depths:3)
  6 merfolk impalers
  5 ettins
  5 fire dragons
  3 yaktaur captains
  6 deep elf high priests (Elf:3)
  Josephine (Lair:5)
  6 vault guards
  4 spriggan air magi
  Fannar (Orc)
  A shadow wraith (Vaults:2)
  2 rakshasas
  7 ice dragons
  A caustic shrike simulacrum (Depths:3)
  5 death knights (Vaults:1)
  2 hell beasts
  Harold (D:8)
  15 hydras
  3 catoblepae (Lair:6)
  A merfolk avatar (Shoals:1)
  An anaconda (Lair:5)
  A shambling mangrove (Swamp:3)
  5 great orbs of eyes
  Sonja (Lair:5)
  2 ghost crabs (Swamp:3)
  11 alligators
  8 merfolk aquamancers
  12 two-headed ogres
  5 ogre magi
  4 deep troll earth magi
  5 deep troll shamans
  27 dancing weapons
  16 death yaks
  An ironheart beastmaster (Vaults:1)
  A satyr (Shoals:1)
  3 orc high priests (Orc)
  3 tengu warriors
  A spriggan berserker (Depths:1)
  13 sea snakes
  19 deep elf knights
  A goliath frog (Lair:4)
  14 deep trolls
  15 centaur warriors
  5 spriggan druids
  3 salamander mystics
  A death drake (Swamp:3)
  A flayed ghost (Vaults:1)
  3 wizards
  2 glowing orange brains (shapeshifter)
  6 hell knights
  5 skeletal warriors
  10 deep elf archers
  2 wolf spider zombies (D:12)
  4 swamp dragons
  5 ironheart convokers
  A spectral hydra (Swamp:3)
  A glowing orange brain (Depths:3)
  A cyclops (shapeshifter) (Depths:3)
  3 cyclopes
  6 orc knights
  8 harpies
  3 necromancers
  A wolf spider (Lair:6)
  4 phantasmal warriors
  An oklob plant (Lair:6)
  49 deep elf magi
  2 orb spiders (shapeshifter)
  28 ugly things
  2 fauns (Shoals:1)
  4 orc sorcerers (Orc)
  10 manticores
  7 merfolk sirens
  11 will-o'-wisps
  3 ice statues (IceCv)
  10 water nymphs
  7 salamanders
  4 black mambas
  2 rust devils
  An orange demon (Depths:1)
  18 elephants
  5 vault sentinels
  2 gargoyles (D:12)
  2 torpor snails (Lair:6)
  14 cane toads
  2 komodo dragons (shapeshifter)
  A yaktaur (shapeshifter) (Vaults:1)
  8 freezing wraiths
  5 rime drakes
  3 eyes of draining
  2 rime drakes (shapeshifter)
  10 ice devils
  3 tengu conjurers
  9 komodo dragons
  23 yaktaurs
  A swamp worm zombie (Swamp:3)
  A harpy zombie (D:12)
  4 trolls
  19 merfolk
  16 hornets
  2 red devils (Depths:3)
  4 hydra zombies (Swamp:3)
  9 tyrant leeches
  5 polar bears
  21 bog bodies
  A meliai (shapeshifter) (Vaults:1)
  3 wind drakes
  A stone giant simulacrum (Vaults:2)
  20 slime creatures
  5 dream sheep
  24 blink frogs
  4 alligator zombies (Swamp:3)
  9 snapping turtles
  2 harpy skeletons
  3 spectral swamp dragons (Swamp:3)
  17 hippogriffs
  3 meliai zombies
  Grum (D:8)
  7 air elementals
  26 water elementals
  A tarantella (shapeshifter) (Vaults:2)
  15 spriggans
  A shadow (D:11)
  6 wraiths
  3 vampires (Vaults:1)
  A spriggan (shapeshifter) (Depths:1)
  51 yaks
  3 hogs (shapeshifter)
  2 ynoxinuls (Depths:1)
  3 fire elementals
  3 wyverns
  2 yaks (shapeshifter)
  2 hungry ghosts
  Eustachio (D:5)
  2 basilisks (Lair:3)
  A human (D:12)
  A chaos spawn (Depths:3)
  A naga (shapeshifter) (Elf:2)
  12 vampire mosquitoes
  2 wargs (Orc)
  Edmund (D:6)
  16 swamp worms
  8 crocodiles
  A hell hound (Depths:3)
  3 acid dragons
  12 porcupines
  A soldier ant (D:11)
  7 water moccasins
  25 orc warriors
  A black bear (D:8)
  4 swamp drakes
  2 ice beasts
  3 swamp dragon zombies (Swamp:3)
  9 ogres
  2 sky beasts
  7 necrophages
  9 phantoms
  5 wolves
  13 boggarts
  A hornet zombie (D:10)
  4 kobold brigands
  Blork the orc (D:4)
  10 bullfrogs
  A gnoll sergeant (D:9)
  3 earth elementals
  11 centaurs
  A hornet simulacrum (D:10)
  3 scorpions
  A human simulacrum (Vaults:2)
  11 killer bees
  14 wights
  6 electric eels
  11 orc priests
  6 crimson imps
  4 howler monkeys
  2 draconian simulacra (IceCv)
  2 quasits
  2 bullfrog zombies
  3 jellies
  6 hounds
  14 orc wizards
  A bullfrog skeleton (D:4)
  2 iron imps (Depths:1)
  4 iguanas
  3 spectral swamp drakes (Swamp:3)
  3 worker ants
  2 troll simulacra (IceCv)
  A hound zombie (D:8)
  4 hound skeletons
  21 gnolls
  5 naga simulacra (IceCv)
  9 adders
  A swamp drake zombie (Swamp:3)
  5 shadow imps
  3 white imps
  An ufetubus (Depths:1)
  A centaur simulacrum (IceCv)
  7 oozes
  3 adder skeletons
  2 adder zombies
  3 worms (D:2)
  4 dart slugs
  4 leopard geckos
  69 orcs
  2 ball pythons
  4 bats
  A giant cockroach (D:1)
  23 goblins
  22 hobgoblins
  12 jackals
  17 kobolds
  6 quokkas
  6 frilled lizards
  4 rats
  A fire vortex (Lair:5)
  2 plants
1505 creatures vanquished.

Vanquished Creatures (others)
  A deep elf master archer (Elf:3)
  A fire giant (Depths:2)
  3 stone giants
  3 merfolk javelineers
  3 centaur warriors
  A deep elf knight (Elf:1)
  A deep elf archer (Elf:1)
  A deep elf mage (Elf:1)
  3 yaktaurs
  A troll (D:8)
  7 orc warriors (D:8)
  A boggart (Depths:2)
  4 ogres (D:8)
  4 kobold brigands (D:8)
  A gnoll sergeant (D:8)
  An orc wizard (Orc)
  3 orcs
  A fungus (D:2)
  28 plants
  7 toadstools (D:2)
75 creatures vanquished.

Grand Total: 1580 creatures vanquished

Notes
Turn   | Place    | Note
-------+----------+-------------------------------------------
     0 | D:1      | Artagas the Barachi Martial Artist began the quest for the
                  | Orb.
     0 | D:1      | Reached XP level 1. HP: 18/18 MP: 2/2
   278 | D:1      | Reached XP level 2. HP: 25/25 MP: 0/3
   310 | D:1      | Reached skill level 4 in Fighting
   608 | D:1      | Reached skill level 5 in Unarmed Combat
  1060 | D:2      | Reached XP level 3. HP: 29/30 MP: 2/4
  1215 | D:2      | Reached ** piety under Wu Jian
  1355 | D:2      | Reached skill level 5 in Fighting
  1612 | D:2      | Reached skill level 1 in Armour
  1612 | D:2      | Reached XP level 4. HP: 39/39 MP: 3/5
  2258 | D:2      | Reached XP level 5. HP: 33/44 MP: 4/6
  2270 | D:2      | Reached skill level 6 in Unarmed Combat
  2625 | D:3      | Reached *** piety under Wu Jian
  2626 | D:3      | Reached skill level 6 in Fighting
  2626 | D:3      | Reached skill level 2 in Hexes
  2626 | D:3      | Reached XP level 6. HP: 42/52 MP: 4/7
  3025 | D:3      | Found a faded altar of an unknown god.
  3080 | D:4      | Found Wipto's Assorted Antiques.
  3379 | D:4      | Noticed a sky beast
  3387 | D:4      | Found Tepefehu's Weapon Shop.
  3389 | D:4      | Killed a sky beast
  3390 | D:4      | Reached skill level 7 in Unarmed Combat
  3390 | D:4      | Reached XP level 7. HP: 59/59 MP: 8/8
  3445 | D:4      | Reached skill level 7 in Fighting
  3481 | D:4      | Found Moirowimi's Assorted Antiques.
  3495 | D:4      | Found Issunku's Magic Scroll Shoppe.
  3498 | D:4      | Bought a scroll labeled JAWKEH VAIKH for 24 gold pieces
  3498 | D:4      | Bought 2 clear potions for 43 gold pieces
  3498 | D:4      | Bought a scroll labeled AKHIRU AQIARGH for 24 gold pieces
  3498 | D:4      | Bought a scroll labeled ZISEILI YRYFO for 24 gold pieces
  3498 | D:4      | Bought a metallic grey potion for 21 gold pieces
  3517 | D:4      | Bought a scroll of teleportation for 33 gold pieces
  3517 | D:4      | Bought a scroll of fear for 55 gold pieces
  3517 | D:4      | Bought a scroll of identify for 22 gold pieces
  3517 | D:4      | Bought a scroll of identify for 22 gold pieces
  3517 | D:4      | Bought a scroll of identify for 22 gold pieces
  3681 | D:4      | Reached skill level 8 in Fighting
  3681 | D:4      | Reached skill level 2 in Armour
  3760 | D:4      | Reached skill level 4 in Dodging
  3807 | D:4      | Bought a scroll labeled CUNNEAPNOE for 29 gold pieces
  3860 | D:4      | Noticed Blork the orc
  3867 | D:4      | Killed Blork the orc
  3867 | D:4      | Reached XP level 8. HP: 57/69 MP: 7/9
  3913 | D:4      | Found Qimneah's General Store.
  4113 | D:5      | Entered Level 5 of the Dungeon
  4193 | D:5      | Found a shattered altar of Ashenzari.
  4266 | D:5      | Found a staircase to the Ecumenical Temple.
  4359 | D:5      | Reached skill level 9 in Fighting
  4484 | D:5      | Reached skill level 4 in Armour
  4899 | D:5      | Reached skill level 10 in Fighting
  4928 | D:6      | Noticed Eustachio
  4928 | D:6      | Noticed Edmund
  4956 | D:5      | Killed Eustachio
  4957 | D:5      | Reached skill level 5 in Armour
  4967 | D:6      | Killed Edmund
  4967 | D:6      | Reached skill level 6 in Armour
  4969 | D:6      | Reached XP level 9. HP: 61/78 MP: 8/10
  5177 | D:6      | Reached skill level 11 in Fighting
  5177 | D:6      | Reached skill level 2 in Evocations
  5178 | D:6      | Reached **** piety under Wu Jian
  5252 | D:6      | Noticed a six-headed hydra
  5259 | D:6      | Killed a six-headed hydra
  5260 | D:6      | Reached skill level 3 in Evocations
  5260 | D:6      | Reached skill level 7 in Armour
  5343 | D:6      | Reached skill level 12 in Fighting
  5343 | D:6      | Reached skill level 1 in Short Blades
  5420 | D:6      | Reached skill level 3 in Short Blades
  5510 | D:6      | Found Zuoppeq's Armour Shop.
  5625 | D:6      | Reached skill level 4 in Short Blades
  5629 | D:6      | Reached XP level 10. HP: 62/89 MP: 10/12
  6291 | D:6      | Identified the ring "Owkieskys" {AC+6 Str+4} (You acquired
                  | it on level 6 of the Dungeon)
  6291 | D:6      | Identified the Volume of Lightness (You acquired it on
                  | level 6 of the Dungeon)
  6306 | D:6      | Reached skill level 5 in Short Blades
  6459 | D:7      | Reached skill level 6 in Short Blades
  6827 | D:7      | Reached skill level 8 in Unarmed Combat
  6834 | D:7      | Noticed raymondlaser's ghost (novice HuFi)
  6849 | D:7      | Identified the +7 dire flail of the Scroll {drain, *Noise
                  | rF++ Str+4}
  6849 | D:7      | Identified the +11 dire flail "Plojy" {vamp, rPois rF+
                  | Str+3}
  6849 | D:7      | Noticed a two-headed ogre
  6850 | D:7      | Found a transporter.
  6851 | D:7      | Found a transporter.
  7087 | D:8      | Noticed a two-headed ogre
  7094 | D:8      | Killed a two-headed ogre
  7094 | D:8      | Reached skill level 9 in Unarmed Combat
  7239 | D:8      | Noticed Grum
  7246 | D:8      | Reached skill level 10 in Unarmed Combat
  7251 | D:8      | Killed Grum
  7406 | D:8      | Found a portal to a secret trove of treasure.
  7507 | D:8      | Noticed Harold
  7530 | D:8      | Killed Harold
  7531 | D:8      | Reached skill level 11 in Unarmed Combat
  7531 | D:8      | Reached XP level 11. HP: 60/95 MP: 11/13
  7900 | D:8      | Found a staircase to the Orcish Mines.
  7903 | D:8      | Reached skill level 12 in Unarmed Combat
  8237 | D:9      | Reached skill level 13 in Unarmed Combat
  8339 | D:9      | Found a flagged portal.
  8346 | Bailey   | Entered a bailey
  8380 | Bailey   | Reached ***** piety under Wu Jian
  8591 | Bailey   | Noticed an orc warlord
  8591 | Bailey   | Noticed an orc knight
  8600 | Bailey   | Killed an orc knight
  8607 | Bailey   | Killed an orc warlord
  8608 | Bailey   | Reached skill level 14 in Unarmed Combat
  8618 | Bailey   | Reached XP level 12. HP: 60/103 MP: 14/14
  8945 | D:4      | Bought a scroll of identify for 20 gold pieces
  8945 | D:4      | Bought a scroll of magic mapping for 35 gold pieces
  8945 | D:4      | Bought a scroll of identify for 20 gold pieces
  8945 | D:4      | Bought a potion of curing for 25 gold pieces
  8945 | D:4      | Bought a potion of brilliance for 40 gold pieces
  8945 | D:4      | Bought a potion of heal wounds for 50 gold pieces
  8947 | D:4      | Reached skill level 9 in Armour
  8947 | D:4      | Reached skill level 5 in Shields
  8947 | D:4      | Reached skill level 6 in Evocations
  8947 | D:4      | Gained mutation: You can hop long distances. [Barachi
                  | growth]
  8947 | D:4      | Reached XP level 13. HP: 109/109 MP: 14/17
  8948 | D:4      | Reached skill level 13 in Fighting
  8948 | D:4      | Reached skill level 10 in Armour
  8948 | D:4      | Reached skill level 7 in Shields
  8948 | D:4      | Reached XP level 14. HP: 119/119 MP: 14/18
  9112 | D:9      | Found a staircase to the Lair.
  9229 | D:9      | Found a basalt altar of Yredelemnul.
  9230 | D:9      | Noticed a profane servitor
  9250 | D:9      | Found a glowing golden altar of the Shining One.
  9252 | D:9      | Noticed an angel
  9381 | D:9      | Reached skill level 8 in Shields
  9830 | Lair:1   | Entered Level 1 of the Lair of Beasts
  9831 | Lair:1   | Upgraded the game from bcrawl-1.39 to bcrawl-1.39.1
  9837 | Lair:1   | Reached skill level 14 in Fighting
  9919 | Lair:1   | Got a bloodstained leather armour {@q1}
  9939 | Lair:1   | Reached skill level 11 in Armour
 10155 | Lair:1   | Noticed Gastronok
 10168 | Lair:1   | Killed Gastronok
 10169 | Lair:1   | Reached skill level 9 in Shields
 10181 | Lair:1   | Identified the +4 leather armour of Springtime {+Fly rPois
                  | rF+ rN++ Dex-3, @q1} (You found it on level 1 of the Lair
                  | of Beasts)
 10297 | Lair:1   | Found a frozen archway.
 10310 | Lair:1   | Reached skill level 15 in Unarmed Combat
 10314 | IceCv    | Entered an ice cave
 11194 | Lair:1   | Got a scorched pewter ring
 11195 | Lair:1   | Identified the ring "Jozehen" {rPois rF+ MR+ Str+3 Dex-4}
                  | (You found it on level 1 of the Lair of Beasts)
 11694 | Lair:2   | Reached skill level 16 in Unarmed Combat
 12095 | Lair:2   | Reached ****** piety under Wu Jian
 12779 | Lair:3   | Reached skill level 17 in Unarmed Combat
 12994 | Lair:3   | Reached XP level 15. HP: 126/126 MP: 19/19
 13191 | Lair:3   | Reached skill level 10 in Shields
 13248 | Lair:3   | Found a sacrificial altar of Ru.
 13721 | Lair:4   | Reached skill level 11 in Shields
 14403 | Lair:4   | Reached skill level 15 in Fighting
 14492 | Lair:4   | Found a staircase to the Shoals.
 14636 | Lair:4   | Found a staircase to the Swamp.
 15370 | Lair:5   | Noticed Josephine
 15379 | Lair:5   | Killed Josephine
 15435 | Lair:5   | Got a shimmering pewter ring
 15437 | Lair:5   | Identified the ring "Cioruf" {rC+ rN+ MR+ MP+9} (You found
                  | it on level 5 of the Lair of Beasts)
 15580 | Lair:5   | Noticed Sonja
 15585 | Lair:5   | Killed Sonja
 16205 | Lair:6   | Entered Level 6 of the Lair of Beasts
 16217 | Lair:6   | Reached skill level 12 in Armour
 16239 | Lair:6   | Found a staircase to the Elven Halls.
 16255 | Lair:6   | Reached skill level 12 in Shields
 16722 | Lair:6   | Reached skill level 18 in Unarmed Combat
 16822 | Lair:6   | Reached XP level 16. HP: 115/136 MP: 20/20
 17012 | Lair:6   | Reached skill level 16 in Fighting
 17667 | D:10     | Entered Level 10 of the Dungeon
 18389 | D:10     | Found a runed translucent door.
 18390 | D:10     | Found a shimmering altar of Xom.
 18390 | D:10     | Noticed tronn's ghost (novice MiAc)
 18838 | D:11     | Reached skill level 13 in Armour
 18908 | D:11     | Got a masterwork plate armour
 18930 | D:11     | Identified the cursed +1 plate armour of the Orb Guardian
                  | {rPois rF++ Slay-2 Stlth+} (You found it on level 11 of the
                  | Dungeon)
 19032 | D:11     | Found Sonol's Antique Armour Shoppe.
 19173 | D:11     | Reached skill level 13 in Shields
 19391 | D:12     | Entered Level 12 of the Dungeon
 19856 | D:12     | Found a gate to the Vaults.
 20259 | D:12     | Found a glowing silver altar of Zin.
 20480 | D:12     | Found a staircase to the Depths.
 20694 | Orc      | Entered the Orcish Mines
 20698 | Orc      | Reached skill level 14 in Armour
 20698 | Orc      | Identified the ring "Cafoenu" {Ice Int+3}
 20698 | Orc      | Noticed Fannar
 20703 | Orc      | Killed Fannar
 20726 | Orc      | Reached skill level 14 in Shields
 20876 | Orc      | Found a staircase to the Slime Pits.
 20897 | Orc      | Found a viscous altar of Jiyva.
 20938 | Orc      | Reached skill level 5 in Dodging
 20942 | Orc      | Found Fuutyr's Distillery.
 20942 | Orc      | Found Picaoblu's Food Shoppe.
 20944 | Orc      | Found Niasef's Weapon Shop.
 20944 | Orc      | Found Cotz's Antique Armour Shoppe.
 20947 | Orc      | Reached skill level 6 in Dodging
 20948 | Orc      | Reached XP level 17. HP: 63/144 MP: 21/21
 20976 | Orc      | Bought a potion of curing for 35 gold pieces
 20976 | Orc      | Bought a potion of heal wounds for 70 gold pieces
 20976 | Orc      | Bought a potion of haste for 140 gold pieces
 20976 | Orc      | Bought a potion of haste for 140 gold pieces
 20976 | Orc      | Bought a potion of ambrosia for 56 gold pieces
 20976 | Orc      | Bought a potion of might for 56 gold pieces
 20976 | Orc      | Bought a potion of curing for 35 gold pieces
 20976 | Orc      | Bought a potion of resistance for 140 gold pieces
 20976 | Orc      | Bought a potion of curing for 35 gold pieces
 20976 | Orc      | Bought a potion of haste for 140 gold pieces
 21546 | Swamp:1  | Entered Level 1 of the Swamp
 21659 | Swamp:1  | Reached skill level 7 in Dodging
 21697 | Swamp:1  | Reached skill level 8 in Dodging
 22064 | Swamp:1  | Found a large runed translucent door.
 22064 | Swamp:1  | Found a large runed translucent door.
 22091 | Swamp:1  | Noticed PeterMcNeter's ghost (journeyman CeHu)
 22638 | Swamp:2  | Reached skill level 19 in Unarmed Combat
 23466 | Swamp:3  | Entered Level 3 of the Swamp
 23894 | Swamp:3  | Found a large runed translucent door.
 23894 | Swamp:3  | Found a large runed translucent door.
 23939 | Swamp:3  | Reached skill level 20 in Unarmed Combat
 24046 | Swamp:3  | Identified the +5 ring mail of the Tortoise {Regen+} (You
                  | found it on level 3 of the Swamp)
 24086 | Swamp:3  | Noticed tronn's ghost (journeyman GnAc)
 24674 | Swamp:3  | Noticed a bone dragon
 24893 | Swamp:3  | Killed a bone dragon
 25195 | Swamp:3  | Reached XP level 18. HP: 146/149 MP: 22/22
 25197 | Swamp:3  | Reached skill level 17 in Fighting
 25260 | Swamp:3  | Got a decaying rune of Zot
 25625 | Vaults:1 | Entered Level 1 of the Vaults
 25697 | Vaults:1 | Found Irithit's General Store.
 26465 | Vaults:1 | Reached skill level 15 in Armour
 26671 | Orc      | Found a staircase to the Slime Pits.
 26672 | Orc      | Found a viscous altar of Jiyva.
 26688 | Orc      | Found Fuutyr's Distillery.
 26688 | Orc      | Found Picaoblu's Food Shoppe.
 26690 | Orc      | Found Cotz's Antique Armour Shoppe.
 26690 | Orc      | Found Niasef's Weapon Shop.
 26699 | Orc      | Bought a glowing medium shield for 217 gold pieces
 26990 | Vaults:1 | Found a staircase to the Crypt.
 27110 | Vaults:1 | Reached skill level 15 in Shields
 27601 | Vaults:1 | Found a runed translucent gate.
 27602 | Vaults:1 | Found a runed translucent gate.
 27602 | Vaults:1 | Noticed fifreuwaquouxo3460's ghost (adept TrMo)
 27603 | Vaults:1 | Found a runed translucent gate.
 27927 | Vaults:1 | Reached skill level 16 in Armour
 28342 | Vaults:2 | Found Yduag's Weapon Boutique.
 28445 | Vaults:2 | Reached skill level 16 in Shields
 28461 | Vaults:2 | Found Facwouhooj's Jewellery Shoppe.
 28470 | Vaults:2 | Bought a +4 amulet of reflection for 488 gold pieces
 28804 | Vaults:2 | Reached XP level 19. HP: 161/161 MP: 23/23
 29176 | Vaults:2 | Reached skill level 21 in Unarmed Combat
 30291 | Shoals:1 | Entered Level 1 of the Shoals
 30412 | Shoals:1 | Reached skill level 22 in Unarmed Combat
 31148 | Shoals:2 | Reached skill level 18 in Fighting
 31855 | Shoals:2 | Reached skill level 9 in Dodging
 31969 | Shoals:3 | Entered Level 3 of the Shoals
 32124 | Shoals:3 | Reached XP level 20. HP: 157/170 MP: 24/24
 32139 | Shoals:3 | Reached skill level 10 in Dodging
 32185 | Shoals:3 | Identified the +6 chain mail of Yrioxet {+Fly rC+++ MR-
                  | Dex+4}
 32228 | Shoals:3 | Got a barnacled rune of Zot
 33115 | Shoals:3 | Identified the +1 medium shield of Vuok Siotze {rPois} (You
                  | acquired it on level 3 of the Shoals)
 33243 | Elf:1    | Entered Level 1 of the Elven Halls
 33667 | Elf:1    | Reached skill level 23 in Unarmed Combat
 33745 | Elf:1    | Found Exof's One-of-a-Kind Books.
 33996 | Elf:1    | Identified Bekliuf's Reference Book on Supportive Attacks
 34410 | Elf:2    | Found Curit's Food Boutique.
 34431 | Elf:2    | Found Imnel's Weapon Shoppe.
 34512 | Elf:2    | Found Etosch's Food Shop.
 34522 | Elf:2    | Found Ithit's Jewellery Boutique.
 34743 | Elf:2    | Found a huge runed gate.
 34743 | Elf:2    | Found a huge runed gate.
 34744 | Elf:2    | Found a huge runed gate.
 34745 | Elf:2    | Found a huge runed gate.
 34750 | Elf:2    | Found a huge runed gate.
 34807 | Elf:2    | Found Neile's Jewellery Boutique.
 35067 | Elf:2    | Reached skill level 24 in Unarmed Combat
 35363 | Elf:3    | Entered Level 3 of the Elven Halls
 35417 | Elf:3    | Reached XP level 21. HP: 178/178 MP: 25/25
 35446 | Elf:3    | Reached skill level 19 in Fighting
 35984 | Elf:3    | Reached skill level 20 in Fighting
 36196 | Elf:3    | Identified the cursed +1 leather armour of the Wumpus
                  | {Dex+8}
 36211 | Elf:3    | Identified the cursed amulet of Lorisao {Inacc MP+9}
 36342 | Elf:3    | Identified the +3 morningstar of Arrival {venom, rF+ Dex+3}
 36721 | Elf:3    | Noticed Roxanne
 37030 | Elf:3    | Killed Roxanne
 37407 | Depths:1 | Entered Level 1 of the Depths
 37475 | Depths:1 | Identified the +2 faerie dragon scales {+Inv rN+ rCorr
                  | Dex+2 Clar}
 37475 | Depths:1 | Noticed the Enchantress
 37484 | Depths:1 | Killed the Enchantress
 37649 | Depths:1 | Reached skill level 17 in Armour
 37652 | Depths:1 | Reached skill level 17 in Shields
 37846 | Depths:1 | Found Nufengis's Assorted Antiques.
 37872 | Depths:1 | Bought 2 potions of curing for 235 gold pieces
 37872 | Depths:1 | Bought a potion of curing for 117 gold pieces
 37872 | Depths:1 | Bought a scroll of teleportation for 141 gold pieces
 37872 | Depths:1 | Found Egraysk's General Store.
 37890 | Depths:1 | Found a gateway to Hell.
 37977 | Depths:1 | Found a one-way gate to the infinite horrors of the Abyss.
 38029 | Depths:1 | Reached XP level 22. HP: 155/190 MP: 26/26
 38317 | Depths:1 | Found a one-way gate leading to the halls of Pandemonium.
 39071 | Depths:2 | Found a gateway to a ziggurat.
 39081 | Depths:2 | Found a runed translucent gate.
 39081 | Depths:2 | Found a runed translucent gate.
 39084 | Depths:2 | Found a runed translucent gate.
 39084 | Depths:2 | Noticed Enish's ghost (adept FrFi)
 39330 | Depths:2 | Found a runed door.
 39330 | Depths:2 | Found a runed door.
 39330 | Depths:2 | Noticed a golden dragon
 39335 | Depths:2 | Noticed a rockslime
 39336 | Depths:2 | Noticed a rockslime
 39338 | Depths:2 | Killed a golden dragon
 39339 | Depths:2 | Reached skill level 25 in Unarmed Combat
 39342 | Depths:2 | Killed a rockslime
 39343 | Depths:2 | Killed a rockslime
 39495 | Depths:2 | Identified the Grimoire of Confrontation
 39698 | Depths:2 | Identified the cursed +1 hand axe of Cytsiaz {chop, +Blink
                  | rPois MR+++ Str-3}
 39974 | Depths:2 | Reached skill level 21 in Fighting
 40619 | Depths:3 | Reached skill level 18 in Armour
 40637 | Depths:3 | Reached XP level 23. HP: 183/200 MP: 27/27
 40642 | Depths:3 | Reached skill level 18 in Shields
 41881 | Depths:4 | Identified the cursed amulet "Olaymes" {Inacc Str+2}
 41925 | Depths:4 | Noticed a Killer Klown
 41932 | Depths:4 | HP: 13/160 [quicksilver dragon (13)]
 41936 | Depths:4 | Slain by an ettin

Skill      XL: |  1  2  3  4  5  6  7  8  9 10 11 12 13 14 15 16 17 18 19 20 21 22 23 |
---------------+----------------------------------------------------------------------+-----
Fighting       | 4 5 6 8 10 12 13 14 15 16 17 18 20 21 | 21.0
Unarmed Combat | 5 6 7 11 14 17 18 20 22 24 25 | 25.7
Armour         | 1 2 6 7 9 10 11 12 14 16 17 18 | 18.0
Hexes          | 2 |  2.0
Dodging        | 4 6 8 9 10 | 10.0
Evocations     | 3 6 |  6.0
Short Blades   | 4 6 |  6.0
Shields        | 5 7 9 12 14 16 17 18 | 18.0
Stealth        | |  1.0
Spellcasting   | |  1.1

Action                   |  1- 3 |  4- 6 |  7- 9 | 10-12 | 13-15 | 16-18 | 19-21 | 22-24 || total
-------------------------+-------+-------+-------+-------+-------+-------+-------+-------++-------
Melee: Unarmed           |   106 |   184 |   288 |   427 |   999 |  1558 |  1330 |   605 ||  5497
       Punch             |     3 |     3 |    12 |    16 |     3 |       |       |       ||    37
Throw: Stone             |       |       |     7 |       |       |       |       |       ||     7
       Javelin           |       |       |     6 |       |       |       |     1 |       ||     7
 Cast: Confusing Touch   |    16 |    12 |    14 |     4 |       |       |       |       ||    46
Invok: Heavenly Storm    |       |       |       |     2 |     6 |    18 |    13 |     4 ||    43
 Abil: Lunge             |    12 |    20 |    29 |    25 |    62 |   118 |   141 |    38 ||   445
       Whirlwind         |    17 |    17 |    61 |   194 |   364 |   523 |   558 |   179 ||  1913
       Wall Jump         |       |     1 |     1 |       |       |     7 |     2 |     2 ||    13
       Serpent's Lash    |       |       |     7 |    11 |    11 |    31 |    32 |     8 ||   100
       Hop               |       |       |       |     3 |       |     2 |     1 |     1 ||     7
Evoke: Wand              |       |       |       |     1 |    11 |     2 |     4 |     2 ||    20
  Use: Scroll            |     1 |     4 |     3 |    15 |     4 |     7 |     1 |     2 ||    37
       Potion            |       |       |     1 |     3 |     2 |     2 |     1 |     2 ||    11
 Stab: Confused          |     3 |     4 |     5 |     2 |       |       |       |       ||    14
       Sleeping          |       |       |     4 |     1 |       |       |       |       ||     5
       Paralysed         |       |       |       |       |     1 |       |       |     2 ||     3
  Eat: Chunk             |     6 |    11 |    13 |    22 |    51 |    66 |    63 |    19 ||   251
       Ration            |       |       |     2 |     1 |     1 |     5 |     2 |     3 ||    14
Armor: Ring mail         |    21 |    30 |       |       |       |       |       |       ||    51
       Leather armour    |       |    11 |    71 |   102 |       |       |       |       ||   184
       Plate armour      |       |       |       |       |   368 |   577 |   236 |   139 ||  1320
       Ice dragon scales |       |       |       |       |     9 |       |       |       ||     9
Dodge: Dodged            |    40 |    70 |   126 |   194 |    80 |    98 |    58 |    35 ||   701
Block: Medium shield     |       |       |       |       |   151 |       |       |       ||   151
       Large shield      |       |       |       |       |   325 |  1005 |   709 |   411 ||  2450
       Reflection        |       |       |       |       |       |     5 |   115 |    32 ||   152

Levels and vault maps discovered:
D:1:      eino_arrival_druids_welcome, layout_loops_corners
D:2:      cheibrodos_fertilizer, layout_basic, corexii_hall_statues_deadend
D:3:      layout_loops_ring, chequers_ecumenical_altar_grove, first_ration,
          minmay_fountain_box
D:4:      layout_cave_pools, serial_shops, nicolae_shop_window_shopping, shop,
          shop, shop, shop, minmay_quantized, uniq_blork_the_orc
D:5:      layout_loops_ring, minmay_temple_entry_statues, serial_bayou_pond_a,
          ashenzari_altar_1
D:6:      layout_cave_pools, serial_shops, shop_coins, lightli_minifort,
          uniq_eustachio, uniq_edmund
D:7:      layout_cave_pools, gammafunk_ghost_smash
D:8:      layout_basic, kennysheep_orc_monster_closet_entryway, enter_trove_6,
          uniq_grum, uniq_harold
D:9:      layout_basic, grunt_temple_overflow_holy_war, david_lair_generic,
          enter_bailey_2
D:10:     layout_loops_ring, ebering_ghost_xom, minmay_diamond_spiral
D:11:     layout_roguey, serial_shops, nicolae_shop_behind_doors,
          hangedman_ranch [blue_anna_fruit_fields]
D:12:     grunt_enter_depths_hoard, layout_loops_ring,
          grunt_vaults_entry_fortified, serial_undead, serial_undead_f,
          serial_undead_e, serial_undead_a, serial_undead_f, zin_angel
Lair:1:   layout_roguey, portal_ice_cave_rime, serial_bayou_lagoon_b,
          serial_bayou_shore_a, infiniplex_staircase_pool, uniq_gastronok
Lair:2:   layout_cave_pods, grunt_megastairs_1
Lair:3:   layout_regular_city, lemuel_oklob_altar
Lair:4:   layout_layer_cave, nicolae_swamp_entry_splash_gauntlet,
          elwin_shoals_entry_stream, gauntlet_entry_generic, grunt_megastairs_5,
          serial_bayou_shore_b, infiniplex_staircase_pool_2
Lair:5:   layout_gridlike, beast_lair_carwin_11, uniq_sonja, uniq_josephine
Lair:6:   evilmike_catoblepas_cave, layout_loops_ring, lemuel_fruit_fields
Swamp:1:  layout_basic_swamp, ebering_ghost_disaster_area,
          nicolae_swamp_very_dense_foliage, swamp_pool5,
          nicolae_swamp_trees_clearing, hangedman_swamp_ravenous
Swamp:2:  layout_basic_swamp, evilmike_swamp_ruin_house_3, swamp_pool2,
          st_swamp_ruins_3
Swamp:3:  swamp_pestilence, layout_basic_swamp, ebering_ghost_disaster_area
Shoals:1: layout_shoals
Shoals:2: layout_shoals, nicolae_shoals_lost_giant_pillars
Shoals:3: shoals_end_hellmonk_storm_palace [storm_palace_center_circular,
          storm_palace_corner_pillars, storm_palace_corner_blocked,
          storm_palace_corner_pillars, storm_palace_corner_grid]
Orc:      grunt_orc_tribal_feast, layout_diamond_mine, slime_altar_1,
          uniq_fannar
Elf:1:    layout_gridlike, minmay_elf_sorcery, hex_medium, nicolae_rare_books,
          dreamdust_princess_corridor
Elf:2:    elven_hall_of_blades_hangedman_alternative
          [nicolae_blade_entry_crossed_weapons], layout_geoelf_grid,
          serial_shops, nicolae_shop_window_shopping, shop, shop, shop,
          nicolae_shop_waterfront, minivault_20
Elf:3:    minmay_elf_hall_spiked, layout_rooms, spider_trap,
          roderic_lattice_octagonal_star, uniq_roxanne
Vaults:1: gammafunk_vaults_ghost_spectres, minmay_crypt_entry_vampire_xt,
          hangedman_vaults_nails, nicolae_vaults_three_branches,
          vaults_room_door_hall, v_pattern_5, v_alt_pattern_6, v_rooms_4,
          st_lattice, vaults_room_pools, v_alt_pattern_4,
          layout_vaults_big_cross, serial_shops, nicolae_shop_statue_plus
Vaults:2: nicolae_vaults_inception_corners,
          vaults_standard_mumra_enter_the_diamond, nicolae_vaults_asterisk,
          v_misc_15, v_rooms_3, nicolae_vaults_theta, v_pattern_3,
          nicolae_vaults_diagonal_hallway_7, ontoclasm_vaults_loading_screen,
          nicolae_vaults_mini_display_case, hangedman_vaults_restitches,
          layout_vaults_big_room, serial_shops, nicolae_shop_stone,
          nicolae_shop_window_shopping
Depths:1: layout_basic, skrybe_limestone_x, grunt_pan_entry_sceptre, hell_entry,
          abyss_entry_small_statue_room, nicolae_lava_and_water,
          wad_rectangle_vault, minmay_shoptagon, uniq_enchantress
Depths:2: minmay_the_grid_triangle_9x9_rhombus_thin_mashed
          [minmay_the_grid_triangle_9x9_wacky_v,
          minmay_the_grid_triangle_9x9_prize_insulated,
          minmay_the_grid_triangle_9x9_tough_junction,
          minmay_the_grid_triangle_9x9_negative_grid], layout_gridlike,
          enter_ziggurat_d, minmay_misc_feat_cross, grunt_pan_entry_spiral,
          ebering_ghost_rock_garden, hell_entry, abyss_entry,
          minmay_staircase_statues
Depths:3: kb_forest_paths, layout_gridville,
          minmay_staircase_statues_hall_small, grunt_mini_vestibule,
          rand_demon_pan_entry_7
Depths:4: evilmike_pillar_path, layout_basic, serial_bayou,
          serial_bayou_lagoon_a, serial_bayou_pond_d, serial_bayou_pond_d,
          serial_bayou_ford_a, serial_bayou_pond_d, serial_bayou_pond_a,
          abyss_entry, pf_hell_entry_tar_river, infiniplex_staircase_trident,
          uniq_mara, uniq_frederick

Table legend:
 A = Turns spent in this place as a percentage of turns spent in the entire game.
 B = Non-inter-level travel turns spent in this place as a percentage of non-inter-level travel turns spent in the entire game.
 C = Inter-level travel turns spent in this place as a percentage of turns spent in this place.
 D = Turns resting spent in this place as a percentage of non-inter-level travel turns spent in this place.
 E = Turns spent auto-exploring this place as a percentage of non-inter-level travel turns spent in this place.
 F = Non-inter-level travel turns spent in this place divided by the number of levels of this place that you've seen.
                   A       B       C       D       E      F
               +-------+-------+-------+-------+-------+----------------------
         Total | 100.0 | 100.0 |   7.8 |  11.1 |  66.7 | 1073.7
       Dungeon |  31.7 |  30.4 |  11.6 |   9.5 |  69.1 | 980.6
          Lair |  18.1 |  17.3 |  12.0 |   2.5 |  78.1 | 1114.8
         Swamp |   9.2 |   9.6 |   2.9 |  22.8 |  54.2 | 1242.3
        Shoals |   6.9 |   7.1 |   4.4 |  10.0 |  67.5 | 920.7
  Orcish Mines |   1.9 |   1.8 |  15.0 |   1.8 |  68.5 | 680.0
   Elven Halls |   9.4 |   9.5 |   7.0 |  19.8 |  57.4 | 1218.0
        Vaults |   9.2 |   9.6 |   3.8 |  11.7 |  69.3 | 1860.5
        Depths |  10.5 |  11.3 |   1.2 |   9.1 |  68.6 | 1088.5
        Bailey |   1.1 |   1.2 |   0.0 |   0.0 |  53.1 | 456.0
      Ice Cave |   2.0 |   2.2 |   0.0 |  37.3 |  18.6 | 842.0
               +-------+-------+-------+-------+-------+----------------------

Table legend:
 A = Kills in this place as a percentage of kills in entire the game.
 B = Kills by you in this place as a percentage of kills by you in the entire game.
 C = Kills by friends in this place as a percentage of kills by friends in the entire game.
 D = Other kills in this place as a percentage of other kills in the entire game.
 E = Experience gained in this place as a percentage of experience gained in the entire game.
 F = Experience gained in this place divided by the number of levels of this place that you have seen.
                   A       B       C       D       E      F
               +-------+-------+-------+-------+-------+----------------------
         Total | 100.0 | 100.0 |   N/A | 100.0 | 100.0 | 19828.1
       Dungeon |  23.9 |  23.2 |   N/A |  51.3 |   6.5 | 3869.9
          Lair |  13.6 |  13.9 |   N/A |   0.0 |  10.9 | 12982.3
         Swamp |   9.6 |   9.9 |   N/A |   0.0 |   9.2 | 21962.0
        Shoals |   8.3 |   8.4 |   N/A |   5.1 |   9.5 | 22628.0
  Orcish Mines |   4.2 |   4.2 |   N/A |   2.6 |   1.6 | 11739.0
   Elven Halls |   9.3 |   9.3 |   N/A |  10.3 |  16.6 | 39503.7
        Vaults |  10.3 |  10.3 |   N/A |  10.3 |  16.0 | 57226.0
        Depths |  14.9 |  14.7 |   N/A |  20.5 |  28.2 | 50347.8
        Bailey |   4.5 |   4.6 |   N/A |   0.0 |   0.6 | 4248.0
      Ice Cave |   1.5 |   1.5 |   N/A |   0.0 |   0.8 | 5367.0
               +-------+-------+-------+-------+-------+----------------------
